AoeStats
← A Bá

Nomad

509605681Analyzed
4v4 RM · 6d ago on Sep 27, 2026· 19m 26s· 8 players
Game mode
Random Map
Map size
231×231
Population
200
Speed
Normal
Resources
Standard
Victory
Conquest
Starting age
Dark Age
Ending age
Imperial Age
RankedLock teamsTeams togetherTeam positionsShared explorationLock speedFull tech treeHidden civsTurbo modeCheats
Victory
Defeat
🇦🇺 Danes · Australia
1199
+14
🇹🇼 Hindustanis · Taiwan
1187
+14
🇻🇳 Persians · Vietnam
1180
+15
🇹🇼 Japanese · Taiwan
1166
+15
🇦🇷 Dravidians · Argentina
1202
-17
🇨🇳 Spanish · China
1147
-14
🇹🇼 Vietnamese · Taiwan
1134
-14
🇹🇼 Tupi · Taiwan
1121
-13
愛看雲的大呆
4:20 Loom
16:31 Feudal Age
17:04 Double-Bit Axe
17:13 Fishing Lines
21:14 Castle Age
Súc Vật Du Phong
3:55 Loom
13:19 Feudal Age
excboom
6:07 Loom
7:50 Loom
13:21 Feudal Age
14:21 Double-Bit Axe
14:41 Horse Collar
16:41 Forging
18:22 Gold Mining
18:28 Fishing Lines
A Bá
4:06 Loom
13:57 Feudal Age
15:19 Double-Bit Axe
只會5TC
ThisIsGood
呀哈
Srj
Connection lost

Rejoining the realm…

Still unreachable

The connection could not be restored.

Session expired

The server has moved on; the page needs a fresh start.